 Dungeon Crawl Stone Soup version 0.19-a0-1021-g80cc50c (webtiles) character file.

25 Gingerlord the Insei (level 3, -5/19 HPs)
             Began as a Vine Stalker Monk on July 26, 2016.
             Slain by a gnoll
             ... wielding a +0 flail
              (11 damage)
             ... on level 2 of the Dungeon.
             The game lasted 00:01:06 (993 turns).

Gingerlord the Insei (Vine Stalker Monk)             Turns: 993, Time: 00:01:07

Health: -5/19      AC:  2    Str: 13    XL:     3   Next: 4%
Magic:  0/4        EV: 13    Int: 10    God:
Gold:   77         SH:  0    Dex: 17    Spells: 0 memorised, 2 levels left

rFire  . . .     SeeInvis .       - Unarmed
rCold  . . .     Gourm    .     a - +0 robe
rNeg   . . .     Faith    .     (no shield)
rPois  .         Spirit   +     (no helmet)
rElec  .         Dismiss  .     (no cloak)
rCorr  .         Reflect  .     (no gloves)
SustAt .         Harm     .     (no boots)
MR     .....                    (no amulet)
Stlth  ++........               (no ring)
                                (no ring)

@: not resistant to hostile enchantments, unstealthy
A: fangs 2, regeneration 1, magic shield, antimagic bite, no device heal 3, rot
immunity
a: no special abilities


You were on level 2 of the Dungeon.
You were not hungry.

You visited 1 branch of the dungeon, and saw 2 of its levels.

You collected 77 gold pieces.

Inventory:

Armour
 a - a +0 robe (worn)
Scrolls
 c - 3 scrolls of remove curse {unknown}
 h - a scroll of enchant armour {unknown}
 j - a scroll of enchant weapon {unknown}
Potions
 d - 2 potions of cure mutation {unknown}
 e - 2 potions of might {unknown}
 g - a potion of curing {unknown}
 i - a potion of heal wounds {unknown}
Comestibles
 b - 2 bread rations
 f - a slice of pizza


   Skills:
 + Level 2.9 Fighting
 + Level 1.0 Armour
 + Level 2.7 Dodging
 - Level 2.4 Stealth
 + Level 3.2 Unarmed Combat


You had 2 spell levels left.
You didn't know any spells.

Dungeon Overview and Level Annotations

Branches:
Dungeon (2/15)

Altars:


Innate Abilities, Weirdness & Mutations

You have extremely sharp teeth.
Your natural rate of healing is unusually fast.
When hurt, damage is shared between your health and your magic reserves.
Your bite disrupts and absorbs the magic of your enemies.
Potions and wands cannot restore your health.
You are immune to rotting.


Message History

No target in view!
No target in view!
You now have 67 gold pieces (gained 7).
j - a scroll labeled KACSUU CAIWI You see here a rat corpse.
You now have 77 gold pieces (gained 10).
A gnoll comes into view. It is wielding a flail.
You see here a scroll labeled SEUKLE BEELYTSUTOSS.
A gnoll is nearby!
A gnoll comes into view. It is wielding a spear.
A gnoll comes into view. It is wielding a spear.
The gnoll hits you from afar with a spear.
You closely miss the gnoll. You bite the gnoll, but do no damage.
The gnoll hits you from afar with a spear.
The gnoll hits you with a flail.
You closely miss the gnoll.
The gnoll hits you from afar with a spear.
The gnoll hits you with a flail!
Ouch! That really hurt!
You die...

#.# #.# .# #.## #.###.#
... #.##..# ###.#
#.#...# ##.#.# #.##..##
#
##....#######.##..?##.#
..............?.......+
##....#######.........#
##.#.##### ####@.#####
#........# #g##
#.##.###.# #g#
#.##.###.# #.#
#.##.[##.# g.#
#.###.##.# ### #.#
#.##.# #.###.##.#
#........#


You could see 3 gnolls.

Vanquished Creatures
  A dart slug (D:1)
  2 giant geckos (D:1)
  A giant cockroach (D:2)
  2 hobgoblins (D:1)
  3 jackals (D:1)
  5 bats
  2 goblins
  2 kobolds (D:1)
  3 rats
21 creatures vanquished.

Notes
Turn   | Place    | Note
-------+----------+-------------------------------------------
     0 | D:1      | Gingerlord the Vine Stalker Monk began the quest for the Orb.
     0 | D:1      | Reached XP level 1. HP: 11/11 MP: 2/2
    55 | D:1      | Reached XP level 2. HP: 15/16 MP: 3/3
   212 | D:1      | Reached skill level 1 in Armour
   792 | D:2      | Reached XP level 3. HP: 17/19 MP: 4/4
   993 | D:2      | Slain by a gnoll

Vault maps used:
D:1:      minmay_arrival_arboretum_small
D:2:      first_bread, dk_yredelemnul_ordeal

Skill      XL: |  1  2 |
---------------+-------+-----
Armour         | 1 |  1.0
Fighting       | |  2.9
Dodging        | |  2.7
Stealth        | |  2.4
Unarmed Combat | |  3.2

Action                   || total
-------------------------++-------
Melee: Unarmed           ||    48
       Bite              ||    16
       Punch             ||     1
 Stab: Sleeping          ||     5
Armor: Robe              ||     7
Dodge: Dodged            ||    39
